 Dungeon Crawl Stone Soup version 0.30-a0-972-gf3ab3527aa (webtiles) character file.

Game seed: 6249706290798703701

19 Newt the Trooper (level 2, -3/24 HPs)
             Began as a Demonspawn Gladiator on Mar 31, 2023.
             Slain by a worm (9 damage)
             ... on level 1 of the Dungeon.
             The game lasted 00:00:31 (246 turns).

Newt the Trooper (Demonspawn Gladiator)              Turns: 246, Time: 00:00:32

Health: -3/24      AC:  4    Str: 14    XL:     2   Next: 55%
Magic:  2/2        EV: 12    Int:  9    God:
Gold:   40         SH:  0    Dex: 14    Spells: 1/1 levels left

rFire   . . .      SeeInvis .    a - +0 rapier
rCold   . . .      Faith    .    (no shield)
rNeg    . . .      Spirit   .    b - +0 leather armour
rPois   .          Reflect  .    c - +0 helmet
rElec   .          Rampage  .    (no cloak)
rCorr   .                        (no gloves)
Will    .....                    (no boots)
Stlth   +                        (no amulet)
HPRegen 0.24/turn                (no ring)
MPRegen 0.08/turn                (no ring)

@: no status effects
A: claws 1
a: no special abilities


You were on level 1 of the Dungeon.
You visited 1 branch of the dungeon, and saw 1 of its levels.

You collected 40 gold pieces.

Inventory:

Hand Weapons
 a - a +0 rapier (weapon)
Missiles
 d - a throwing net (quivered)
Armour
 b - a +0 leather armour (worn)
 c - a +0 helmet (worn)
 f - a +2 robe of willpower
Scrolls
 h - a scroll of teleportation {unknown}
Potions
 g - 2 potions of heal wounds {unknown}


   Skills:
 + Level 3.2 Fighting
 - Level 2.6 Short Blades
 - Level 1.7 Throwing
 - Level 2.6 Dodging


You had one spell level left.
You didn't know any spells.
Your spell library was empty.

Dungeon Overview and Level Annotations

Branches:
Dungeon (1/15)

Altars:


Innate Abilities, Weirdness & Mutations

You have sharp fingernails.


Message History

The worm is caught in the net!
The worm struggles against the net.
You hit the worm.
The worm is heavily wounded.
The worm struggles against the net.
You hit the worm.
The worm is heavily wounded.
The worm struggles against the net.
You completely miss the worm.
The worm is heavily wounded.
The worm struggles against the net. x2
You hit the worm.
The worm is severely wounded.
The worm struggles against the net.
You hit the worm.
The worm is severely wounded.
The worm struggles against the net.
You hit the worm.
The worm is almost dead.
The worm struggles against the net.
You hit the worm.
You kill the worm!
The worm struggles against the net.
You hit the worm.
The worm is moderately wounded.
The worm struggles against the net.
You catch the helpless worm completely off-guard!
You puncture the worm!
The worm is severely wounded.
You hit the worm.
The worm is severely wounded.
The worm struggles against the net.
You hit the worm.
The worm is almost dead.
You hit the worm.
The worm is almost dead.
The worm struggles against the net.
The net rips apart, and the worm comes free!
The worm bites you!
You die...

......# #.........###.
.#.#.# ########### #
^....#### .## †.......#
#..# ........# #...##
.†......### #.....#
..........#########.......
#................#......^.
#...............@....>(...
#...............w.........
########.........#.^....^^
#.........#^.......
############.^.....
#.....# ##.### ##


You could see a worm.

Vanquished Creatures
  A worm (D:1)
  3 endoplasms (D:1)
  A giant cockroach (D:1)
  A goblin (D:1)
  2 hobgoblins (D:1)
  A ball python (D:1)
  5 bats (D:1)
  A rat (D:1)
15 creatures vanquished.

Notes
Turn   | Place    | Note
-------+----------+-------------------------------------------
     0 | D:1      | Newt the Demonspawn Gladiator began the quest for the Orb.
     0 | D:1      | Reached XP level 1. HP: 16/16 MP: 1/1
   130 | D:1      | Gained mutation: You have sharp fingernails. [demonic
                  | ancestry]
   130 | D:1      | Reached XP level 2. HP: 22/23 MP: 2/2
   177 | D:1      | Reached skill level 3 in Fighting
   246 | D:1      | Slain by a worm

Illustrated notes

Levels and vault maps discovered:
D:1:      reono_arrival_forest_river, layout_rooms, basic_ecumenical_altar,
          chequers_hall_statues_y, hex_large, nicolae_wormholes

Skill      XL: |  1  2 |
---------------+-------+-----
Fighting       | 3 |  3.2
Short Blades   | |  2.6
Throwing       | |  1.7
Dodging        | |  2.6

Action                     || total
---------------------------++-------
  Melee: Rapier            ||    63
  Throw: Throwing net      ||     2
         Javelin           ||     1
   Stab: Held in net/web   ||     2
 Armour: Leather armour    ||    18
  Dodge: Dodged            ||    49

Table legend: (Time is in decaauts)
 A = Elapsed time spent in this place.
 B = Non-inter-level travel time spent in this place.
 C = Inter-level travel time spent in this place.
 D = Time resting spent in this place.
 E = Time spent auto-exploring this place.
 F = Levels seen in this place.
 G = Mean time per level.
                   A        B        C        D        E       F      G
               +--------+--------+--------+--------+--------+-----+--------+
         Total |    252 |    252 |      0 |      0 |    124 |   1 |  252.0 |
       Dungeon |    252 |    252 |      0 |      0 |    124 |   1 |  252.0 |
               +--------+--------+--------+--------+--------+-----+--------+

Top non-repeatable levels by time:
     D:1: 252 daAuts
